 Dungeon Crawl Stone Soup version 0.30-a0-475-g03497ec522 (webtiles) character file.

Game seed: 494738476830008584

256 bmack86 the Shield-Bearer (level 5, -2/46 HPs)
             Began as a Minotaur Fighter on Dec 20, 2022.
             Slain by an ogre
             ... wielding a +0 giant club
              (20 damage)
             ... on level 4 of the Dungeon.
             The game lasted 00:11:25 (3741 turns).

bmack86 the Shield-Bearer (Minotaur Fighter)        Turns: 3741, Time: 00:11:26

Health: -2/46      AC: 18    Str: 22    XL:     5   Next: 92%
Magic:  4/4        EV:  5    Int:  5    God:
Gold:   204        SH: 12    Dex: 10    Spells: 4/4 levels left

rFire   . . .      SeeInvis .    a - +1 war axe (protect)
rCold   . . .      Faith    .    g - +0 tower shield
rNeg    . . .      Spirit   .    d - +0 chain mail
rPois   .          Reflect  .    (helmet restricted)
rElec   .          Harm     .    (no cloak)
rCorr   .          Rampage  .    u - +1 pair of gloves
Will    .....                    (no boots)
Stlth   ..........               (no amulet)
HPRegen 0.27/turn                (no ring)
MPRegen 0.09/turn                (no ring)

@: under a protective aura
A: horns 2, retaliatory headbutt
a: no special abilities


You were on level 4 of the Dungeon.
You visited 1 branch of the dungeon, and saw 4 of its levels.

You collected 204 gold pieces.

Inventory:

Hand Weapons
 a - a +1 war axe of protection (weapon)
 r - a +2 vampiric halberd
Missiles
 i - 6 silver javelins (quivered)
 n - 8 boomerangs
 s - 4 javelins
 t - 3 poisoned darts
Armour
 b - a +0 scale mail
 c - a +0 buckler
 d - a +0 chain mail (worn)
 g - a +0 tower shield (worn)
 u - a +1 pair of gloves (worn)
Scrolls
 e - a scroll of teleportation
 h - 2 scrolls of magic mapping
Potions
 f - 3 potions of flight
 j - a potion of cancellation {unknown}
 k - a potion of mutation {unknown}
 l - 2 potions of curing
 m - a potion of ambrosia {unknown}
 o - 3 potions of attraction {unknown}
 p - a potion of heal wounds {unknown}


   Skills:
 + Level 4.2 Fighting
 + Level 4.6 Axes
 + Level 4.8 Armour
 + Level 2.1 Dodging
 + Level 0.1 Stealth
 + Level 5.0 Shields


You had 4 spell levels left.
You didn't know any spells.
Your spell library was empty.

Dungeon Overview and Level Annotations

Branches:
Dungeon (4/15)
 Temple: D:4-7

Altars:
Ashenzari
Elyvilon
Fedhas
Uskayaw
Yredelemnul
Zin

Shops:
D:3 :


Innate Abilities, Weirdness & Mutations

You have a pair of horns on your head.
You reflexively headbutt those who attack you in melee.


Message History

The gnoll completely misses you. You furiously retaliate!
You headbutt the gnoll. The gnoll hits you with a +0 halberd.
You hit the gnoll.
You kill the gnoll!
You hit the gnoll.
You kill the gnoll!
Your Dodging skill increases to level 2!
You hit the gnoll. You headbutt the gnoll!
You kill the gnoll!
Things that are here:
a +0 flail; a +0 whip; a gnoll corpse You start resting.
HP restored.
Found a trident.
You enter the shallow water.
Moving in this stuff is going to be slow.
You enter the shallow water.
Moving in this stuff is going to be slow.
Things that are here:
a +0 flail; a +0 whip; a gnoll corpse You see here a +0 halberd.
n - 8 boomerangs (gained 5)
An endoplasm comes into view.
Found a stone staircase leading down.
The endoplasm quivers.
You completely miss the endoplasm. You headbutt the endoplasm.
You kill the endoplasm!
An ogre comes into view. It is wielding a +0 giant club.
The ogre shouts!
Found 12 gold pieces.
The ogre hits you with a +0 giant club!
There is a stone staircase leading down, spattered with blood here.
You barely miss the ogre. The ogre hits you with a +0 giant club!
You slash the ogre!
Your weapon exudes an aura of protection.
The ogre is heavily wounded.
You block the ogre's attack.
You hit the ogre.
The ogre is heavily wounded.
The ogre hits you with a +0 giant club!!
You die...

#########
#.......########
#..............#
####.#######.####.#
....#.# #....@#
####≈## ######O#
###≈≈~# ...
.~~~≈..? $.#.#
~~~....## .## #
.)....## .. ###..#
## ..#


You could see an ogre.

Vanquished Creatures
  A hound (D:3)
  Crazy Yiuf (D:2)
  An orc wizard (D:3)
  3 adders
  8 gnolls
  A worm (D:2)
  2 dart slugs
  2 orcs (D:3)
  4 bats
  4 endoplasms
  4 giant cockroaches
  5 goblins
  4 hobgoblins
  4 jackals (D:3)
  8 ball pythons
  2 frilled lizards
  9 kobolds
  5 rats
  3 bushes (D:2)
71 creatures vanquished.

Vanquished Creatures (others)
  10 plants (D:2)
10 creatures vanquished.

Grand Total: 81 creatures vanquished

Notes
Turn   | Place    | Note
-------+----------+-------------------------------------------
     0 | D:1      | bmack86 the Minotaur Fighter began the quest for the Orb.
     0 | D:1      | Reached XP level 1. HP: 19/19 MP: 0/0
   285 | D:1      | Reached XP level 2. HP: 27/27 MP: 1/1
   286 | D:1      | Reached skill level 4 in Shields
  1121 | D:2      | Found a faded altar of an unknown god.
  1382 | D:2      | You fall into a shaft and drop 2 floors!
  1399 | D:3      | Reached XP level 3. HP: 33/33 MP: 2/2
  1438 | D:3      | Found a broken altar of Ashenzari.
  1438 | D:3      | Found a hide-covered altar of Uskayaw.
  1442 | D:3      | Found a blossoming altar of Fedhas.
  1442 | D:3      | Found a white marble altar of Elyvilon.
  1442 | D:3      | Found a basalt altar of Yredelemnul.
  1444 | D:3      | Found a glowing silver altar of Zin.
  1563 | D:2      | Reached XP level 4. HP: 26/40 MP: 3/3
  1828 | D:2      | Reached skill level 1 in Dodging
  2413 | D:2      | Found a runed translucent door.
  2414 | D:2      | Noticed Crazy Yiuf
  2647 | D:2      | Killed Crazy Yiuf
  2648 | D:2      | Reached skill level 5 in Shields
  2648 | D:2      | Reached XP level 5. HP: 26/46 MP: 4/4
  3257 | D:3      | Found Eheomut's Book Shoppe.
  3737 | D:4      | Noticed an ogre
  3741 | D:4      | Slain by an ogre

Illustrated notes

Levels and vault maps discovered:
D:1:      dpeg_arrival_leaves_temple_mockup, layout_loops_corners,
          hangedman_decor_push, supply_closet_lemuel, chequers_mini_garden,
          minmay_pentomino_o2
D:2:      layout_loops_ring, serial_forest, infiniplex_forest_straight_5,
          infiniplex_forest_end_1, infiniplex_forest_clump_diagonal,
          infiniplex_forest_straight_2, infiniplex_forest_corner_2,
          infiniplex_forest_end_double, infiniplex_forest_lined_ring,
          infiniplex_forest_clump_long, nicolae_ecumenical_oubliette,
          uniq_crazy_yiuf_cottage
D:3:      layout_loops_ring, grunt_temple_overflow_open, serial_shops, shop
D:4:      layout_loops_ring, serial_shops, kennysheep_mini,
          chequers_serial_rivers_small_a, uniq_blork_the_orc

Skill      XL: |  1  2  3  4  5 |
---------------+----------------+-----
Shields        | 4 5 |  5.0
Fighting       | 4 |  4.2
Axes           | 3 4 |  4.6
Armour         | 4 |  4.8
Dodging        | 1 2 |  2.1
Stealth        | |  0.1

Action                   |  1- 3 |  4- 6 || total
-------------------------+-------+-------++-------
Melee: War axe           |    67 |   231 ||   298
       Headbutt          |     6 |    62 ||    68
  Use: Scroll            |     3 |     5 ||     8
       Potion            |       |     2 ||     2
Armor: Scale mail        |    56 |    11 ||    67
       Chain mail        |       |    57 ||    57
Dodge: Dodged            |    26 |    24 ||    50
Block: Tower shield      |    48 |    91 ||   139

Table legend: (Time is in decaauts)
 A = Elapsed time spent in this place.
 B = Non-inter-level travel time spent in this place.
 C = Inter-level travel time spent in this place.
 D = Time resting spent in this place.
 E = Time spent auto-exploring this place.
 F = Levels seen in this place.
 G = Mean time per level.
                   A        B        C        D        E       F      G
               +--------+--------+--------+--------+--------+-----+--------+
         Total |   3942 |   3434 |    508 |    224 |   2085 |   4 |  985.5 |
       Dungeon |   3942 |   3434 |    508 |    224 |   2085 |   4 |  985.5 |
               +--------+--------+--------+--------+--------+-----+--------+

Top non-repeatable levels by time:
     D:2: 1728 daAuts
     D:1: 1288 daAuts
     D:3: 730 daAuts
     D:4: 195 daAuts
